 Dungeon Crawl Stone Soup version 0.31-a0-968-g24f9ace8b5 (webtiles) character file.

Game seed: 918171632791892647

275 Xavori the Trooper (level 6, -3/40 (47) HPs)
             Began as a Djinni Chaos Knight on Oct 27, 2023.
             Was a Plaything of Xom.
             Slain by Edmund
             ... wielding a +3 heavy dire flail
              (22 damage)
             ... on level 5 of the Dungeon.
             The game lasted 00:03:52 (2843 turns).

Xavori the Trooper (Djinni Chaos Knight)            Turns: 2843, Time: 00:03:54

HP:   -3/40 (47)    AC: 10    Str: 15    XL:     6   Next: 49%
Gold: 184           EV: 12    Int: 13    God:    Xom [*.....] SH:  0 Dex: 13

rFire   + + .        a - +0 falchion (chaos)
rCold   x . .        (no shield)
rNeg    . . .        b - +2 leather armour
rPois   ∞            (no helmet)
rElec   .            (no cloak)
rCorr   .            k - +0 pair of gloves
SInv    .            (boots unavailable)
Will    .....        (no amulet)
Stlth   +            (no ring)
HPRegen 1.06/turn    (no ring)
MPRegen 0.00/turn

%: clarity, infuse magic (-4 HP)
@: flying, heavily drained
A: sickness immunity, fire resistance 2, cold vulnerability 1, float, innate
caster, HP casting, extra vitality 1, iridescent scales 2, clarity, mutation
resistance 2, regeneration 1, strong 1, MP-powered wands, noise suppression
a: Renounce Religion


You were on level 5 of the Dungeon.
You worshipped Xom.
You were a special plaything of Xom.
You visited 1 branch of the dungeon, and saw 5 of its levels.

You collected 184 gold pieces.

Inventory:

Hand Weapons
 a - a +0 falchion of chaos (weapon)
Armour
 b - a +2 leather armour (worn)
 k - a +0 pair of gloves (worn)
Scrolls
 c - a scroll of butterflies
 d - 2 scrolls of teleportation
 f - a scroll of fog
 j - a scroll of blinking {unknown}
 l - 2 scrolls of fear
 m - 2 scrolls of poison
 n - a scroll of brand weapon {unknown}
 o - a scroll of immolation
 q - 2 scrolls of enchant weapon
Potions
 g - 4 potions of curing {unknown}
 h - 2 potions of attraction {unknown}
 i - a potion of cancellation {unknown}
 p - a potion of enlightenment {unknown}
 r - a potion of ambrosia {unknown}


   Skills:
 + Level 4.0 Fighting
 + Level 3.7 Long Blades
 + Level 2.8 Armour
 + Level 3.7 Dodging
 * Level 1.2 Spellcasting
 * Level 1.2 Conjurations
 * Level 1.2 Hexes
   Level 0.0 Charms
 * Level 1.2 Summonings
 * Level 1.2 Necromancy
 * Level 1.2 Translocations
 * Level 1.2 Transmutations
 * Level 1.2 Fire Magic
 * Level 1.2 Ice Magic
 * Level 1.2 Air Magic
 * Level 1.2 Earth Magic
 * Level 1.2 Poison Magic


You knew the following spells:

 Your Spells              Type           Power      Damage    Failure   Level
a - Necrotise             Necr           16%        1d4       21%         1
b - Call Imp              Summ           8%         N/A       30%         2
Your spell library was empty.

Dungeon Overview and Level Annotations

Branches:
Dungeon (5/15)
 Temple: D:4-7

Altars:
Dithmenos
Trog

Annotations:
D:3 1 runed translucent door, pigah's ghost, weakling OpSh
D:5 Edmund


Innate Abilities, Weirdness & Mutations

You are immune to sickness and miasma.
You are immune to poison.
Your flesh is very heat resistant. (rF++)
You are vulnerable to cold. (rC-)
You float through the air rather than walking.
You learn spells naturally, not from books.
Your magical power is your life essence.
You have superior vitality. (+4 MHP)
You are mostly covered in iridescent scales. (AC +4)
You possess an exceptional clarity of mind.
You are somewhat resistant to both further mutation and mutation removal.
Your natural rate of healing is unusually fast.
Your muscles are strong. (Str +4, Int/Dex -1)
You expend health (3 HP) to strengthen your wands.
You passively dampen the noise of your surroundings.


Message History

You hit the iguana.
The iguana resists with some effort.
The iguana is almost dead.
The iguana barely misses you.
You hit the iguana.
You kill the iguana!
Unknown command.
No target in view!
HP restored.
You see here an iguana corpse.
Found a robe.
Edmund the Younger comes into view.
He is wielding a +3 heavy dire flail.
Found a ring mail and a book of Burglary.
Edmund shouts!
Edmund says, "Everyone always remembers my brother. 'Who's Edmund?' they ask!"
Edmund is nearby!
You aren't carrying any items that you can evoke.
Cast which spell? (? or * to list)
Okay, then.
Cast which spell? (? or * to list)
A tiny devil pulls itself out of the air.
Edmund gestures with his flail.
Xom's malign attention turns to you for a moment.
You feel drained.
Edmund clears his throat.
You barely miss Edmund.
Your cerulean imp completely misses Edmund.
Edmund hits you but does no damage.
You closely miss Edmund.
Your cerulean imp completely misses Edmund.
Edmund hits you with a +3 heavy dire flail!!
Ouch! That really hurt!
Your cerulean imp hits Edmund but does no damage.
You hit Edmund.
Edmund is lightly wounded.
Your cerulean imp hits Edmund but does no damage.
Edmund hits you with a +3 heavy dire flail!!
Ouch! That really hurt!
You die...
Edmund says, "I'd like to see a scythe do that!"
Xom snickers!

.~..:...
#≈#....#
≈~....+
#≈~...#
#~..[.#
#≈...[
#~≈#.##
#~~#5@#
#.≈~#@#
#.≈≈≈.#
#.#≈†.#
#..#:##
##...#
#####


You could see Edmund (ally target) and a friendly cerulean imp (summoned).

Vanquished Creatures
  A phantom (D:4)
  A sleepcap (D:4)
  3 iguanas
  2 adders
  2 worms
  2 dart slugs
  5 orcs
  5 endoplasms
  5 giant cockroaches
  8 goblins
  6 hobgoblins
  4 jackals
  4 quokkas
  3 ball pythons
  6 bats
  2 frilled lizards
  5 kobolds
  5 rats
69 creatures vanquished.

Notes
Turn   | Place    | Note
-------+----------+-------------------------------------------
     0 | D:1      | Xavori the Djinni Chaos Knight began the quest for the Orb.
     0 | D:1      | Reached XP level 1. HP: 20/20 MP: 0/0
   139 | D:1      | XOM: noise
   225 | D:1      | XOM: confuse monster(s)
   227 | D:1      | XOM: potion effect (haste)
   233 | D:1      | Reached XP level 2. HP: 18/25 MP: 0/0
   243 | D:1      | XOM: 2-stop teleportation journey
   597 | D:1      | Reached XP level 3. HP: 27/30 MP: 0/0
   597 | D:1      | Learned a level 1 spell: Necrotise
   914 | D:1      | XOM: give mutations
   914 | D:1      | Gained mutation: Your muscles are strong. (Str +4, Int/Dex
                  | -1) [Xom's grace]
   914 | D:1      | Gained mutation: You are somewhat resistant to further
                  | mutation. [Xom's grace]
   914 | D:1      | Gained mutation: You possess an exceptional clarity of
                  | mind. [Xom's grace]
   914 | D:1      | Gained mutation: You are partially covered in iridescent
                  | scales. (AC +2) [Xom's grace]
  1316 | D:2      | XOM: give mutations
  1316 | D:2      | Gained mutation: You are mostly covered in iridescent
                  | scales. (AC +4) [Xom's grace]
  1316 | D:2      | Gained mutation: You expend health (3 HP) to strengthen
                  | your wands. [Xom's grace]
  1316 | D:2      | Gained mutation: You are somewhat resistant to both further
                  | mutation and mutation removal. [Xom's grace]
  1647 | D:3      | XOM: scenery: summon butterflies
  1691 | D:3      | XOM: give mutations
  1691 | D:3      | Gained mutation: You passively dampen the noise of your
                  | surroundings. [Xom's grace]
  1691 | D:3      | Gained mutation: Your natural rate of healing is unusually
                  | fast. [Xom's grace]
  1723 | D:3      | Found a bloodstained altar of Trog.
  1787 | D:3      | Reached XP level 4. HP: 35/35 MP: 0/0
  1800 | D:3      | Found a shadowy altar of Dithmenos.
  1907 | D:3      | Found a runed translucent door.
  1908 | D:3      | Noticed pigah's ghost (weakling OpSh)
  2043 | D:3      | XOM: polymorph adder -> iguana
  2286 | D:4      | Reached XP level 5. HP: 41/41 MP: 0/0
  2286 | D:4      | Learned a level 2 spell: Call Imp
  2310 | D:4      | XOM: fog
  2622 | D:4      | Noticed a phantom
  2625 | D:4      | XOM: swap monsters
  2638 | D:4      | Killed a phantom
  2639 | D:4      | Reached skill level 4 in Fighting
  2639 | D:4      | Reached skill level 1 in Spellcasting
  2639 | D:4      | Reached skill level 1 in Conjurations
  2639 | D:4      | Reached skill level 1 in Hexes
  2639 | D:4      | Reached skill level 1 in Summonings
  2639 | D:4      | Reached skill level 1 in Necromancy
  2639 | D:4      | Reached skill level 1 in Translocations
  2639 | D:4      | Reached skill level 1 in Transmutations
  2639 | D:4      | Reached skill level 1 in Fire Magic
  2639 | D:4      | Reached skill level 1 in Ice Magic
  2639 | D:4      | Reached skill level 1 in Air Magic
  2639 | D:4      | Reached skill level 1 in Earth Magic
  2639 | D:4      | Reached skill level 1 in Poison Magic
  2639 | D:4      | Reached XP level 6. HP: 47/47 MP: 0/0
  2768 | D:4      | XOM: noise
  2792 | D:5      | Entered Level 5 of the Dungeon
  2800 | D:5      | XOM: chaos cloud
  2822 | D:5      | XOM: 1-stop teleportation journey
  2834 | D:5      | Noticed Edmund
  2838 | D:5      | XOM: draining
  2843 | D:5      | Slain by Edmund

Illustrated notes

Levels and vault maps discovered:
D:1:      matt_arrival_spirals, layout_rooms, serial_co_window_serial,
          co_window_of_opportunity_a, co_window_of_opportunity_a,
          co_window_of_opportunity_a, co_window_paths_a, co_window_paths_a,
          co_window_broadway_a, co_window_corner_ca, co_window_broadway_a,
          co_window_sun, glass_columns_a, glass_columns_a
D:2:      layout_basic, shapermc_ecumenical_altar_mp_ritualfount
D:3:      layout_basic, nicolae_dithmenos_the_darkroom,
          mainiacjoe_overflow_concentric_impassable,
          ebering_ghost_reflecting_pool, mrwooster_statue_mirror
D:4:      layout_rooms, wad_orctagon
D:5:      corexii_shantytown, layout_basic, mainiacjoe_overflow_large_starburst,
          chequers_serial_rivers_small_a, uniq_edmund

Skill      XL: |  1  2  3  4  5 |
---------------+----------------+-----
Long Blades    | 3 |  3.7
Armour         | 2 |  2.8
Dodging        | 3 |  3.7
Fighting       | 4 |  4.0
Spellcasting   | 1 |  1.2
Conjurations   | 1 |  1.2
Hexes          | 1 |  1.2
Summonings     | 1 |  1.2
Necromancy     | 1 |  1.2
Translocations | 1 |  1.2
Transmutations | 1 |  1.2
Fire Magic     | 1 |  1.2
Ice Magic      | 1 |  1.2
Air Magic      | 1 |  1.2
Earth Magic    | 1 |  1.2
Poison Magic   | 1 |  1.2

Action                     |  1- 3 |  4- 6 || total
---------------------------+-------+-------++-------
  Melee: Falchion          |    91 |   170 ||   261
         Punch             |     3 |     2 ||     5
   Cast: Call Imp          |       |     1 ||     1
    Use: Scroll            |     1 |     5 ||     6
   Stab: Petrifying        |     1 |       ||     1
         Sleeping          |     1 |     1 ||     2
 Armour: Leather armour    |    50 |    94 ||   144
  Dodge: Dodged            |    53 |   112 ||   165

Table legend: (Time is in decaauts)
 A = Elapsed time spent in this place.
 B = Non-inter-level travel time spent in this place.
 C = Inter-level travel time spent in this place.
 D = Time resting spent in this place.
 E = Time spent auto-exploring this place.
 F = Levels seen in this place.
 G = Mean time per level.
                   A        B        C        D        E       F      G
               +--------+--------+--------+--------+--------+-----+--------+
         Total |   2859 |   2690 |    169 |      4 |   2082 |   5 |  571.8 |
       Dungeon |   2859 |   2690 |    169 |      4 |   2082 |   5 |  571.8 |
               +--------+--------+--------+--------+--------+-----+--------+

Top non-repeatable levels by time:
     D:1: 1090 daAuts
     D:3: 650 daAuts
     D:4: 546 daAuts
     D:2: 534 daAuts
     D:5: 37 daAuts
